 Dungeon Crawl Stone Soup version 0.26.0-11-g8f856b5395 (webtiles) character file.

Game seed: 10848849751984996051

248 lastplaneout the Gusty (level 6, -5/45 HPs)
             Began as a Ghoul Air Elementalist on Jan 15, 2021.
             Was an Initiate of Sif Muna.
             Slain by a gnoll
             ... wielding a +0 whip
              (6 damage)
             ... on level 4 of the Dungeon.
             The game lasted 00:10:20 (4301 turns).

lastplaneout the Gusty (Ghoul Air Elementalist)     Turns: 4301, Time: 00:10:20

Health: -5/45      AC:  3    Str: 12    XL:     6   Next: 12%
Magic:  1/7        EV: 16    Int: 12    God:    Sif Muna [......]
Gold:   143        SH:  0    Dex:  9    Spells: 2/8 levels left

rFire    . . .     SeeInvis .     - Unarmed
rCold    + . .     Faith    .   (no shield)
rNeg     + + +     Spirit   .   a - +1 robe
rPois    ∞         Reflect  .   (no helmet)
rElec    .         Harm     .   (no cloak)
rCorr    .         Rampage  .   (no gloves)
Will     .....                  (no boots)
Stlth    ++........             (no amulet)
HPRegen  0.00/turn              i - +4 ring of evasion
MPRegen  0.10/turn              (no ring)

@: no status effects
A: claws 1, cold resistance 1, negative energy resistance 3, inhibited
regeneration, torment resistance, unbreathing
a: Renounce Religion


You were on level 4 of the Dungeon.
You worshipped Sif Muna.
Sif Muna was noncommittal.
You visited 1 branch of the dungeon, and saw 4 of its levels.

You collected 143 gold pieces.

Inventory:

Armour
 a - a +1 robe (worn)
Jewellery
 i - a +4 ring of evasion (left claw)
 k - an uncursed ring of fire
Scrolls
 b - 2 scrolls of blinking
 c - a scroll of teleportation
 e - 3 scrolls of remove curse
 g - 2 scrolls of enchant armour
 j - a scroll of fog
 o - 2 scrolls of identify
Potions
 d - 2 potions of heal wounds
 f - 2 potions of curing
 h - a potion of invisibility {unknown}
 l - a potion of attraction {unknown}
 m - a potion of degeneration {unknown}
 n - 2 potions of haste {unknown}
 p - a potion of ambrosia {unknown}


   Skills:
 - Level 1.7 Dodging
 - Level 2.1 Stealth
 + Level 3.9 Unarmed Combat
 - Level 1.7 Spellcasting
 + Level 2.1 Conjurations
 + Level 3.9 Air Magic


You had 2 spell levels left.
You knew the following spells:

 Your Spells              Type           Power        Failure   Level
a - Shock                 Conj/Air       32%          9%          1
b - Swiftness             Air            10%          9%          2
c - Static Discharge      Conj/Air       8%           24%         3

Your spell library contained the following spells:

 Spells                   Type           Power        Failure   Level
 Airstrike                Air            5%           50%         4
 Lightning Bolt           Conj/Air       4%           92%         5


Dungeon Overview and Level Annotations

Branches:
Dungeon (4/15)
 Temple: D:4-7

Altars:
Sif Muna
Trog
The Shining One

Shops:
D:4 *

Annotations:
D:3 Sigmund


Innate Abilities, Weirdness & Mutations

You thrive by killing the living.
You are immune to poison.
You have sharp fingernails.
Your flesh is cold resistant. (rC+)
You are immune to negative energy. (rN+++)
You do not regenerate when monsters are visible.
You are immune to unholy pain and torment.
You can survive without breathing.


Message History

Your experience leads to an increase in your attributes!
Increase (S)trength, (I)ntelligence, or (D)exterity?
You feel clever.
A hobgoblin comes into view.
It is wielding a +0 hunting sling and wearing the ring "Udat" {+Blink rPois Str+2 Stlth+}.
The hobgoblin shoots a sling bullet.
The sling bullet misses you.
You see here a sling bullet.
A goblin comes into view. It is wielding a +0 hunting sling.
The hobgoblin shoots a sling bullet.
The sling bullet barely misses you.
You open the gate.
The goblin shoots a stone.
The stone closely misses you. The gnoll barely misses you.
Found 9 gold pieces.
The hobgoblin shoots a sling bullet.
The sling bullet hits you.
* * * LOW HITPOINT WARNING * * *
The gnoll hits you with a +0 whip!
* * * LOW HITPOINT WARNING * * *
There is an open gate here.
You see here a sling bullet.
You see here 9 gold pieces.
The gnoll hits you with a +0 whip.
You die...

##+++## #..
##♣.....♣## #.#
##.........# #.#
##.g..(...... #.#
##......♣.....
#.###.g.††♣♣♣♣♣...
#.##.....♣♣ ♣♣..
#.#♣....♣♣ ♣♣.
#@#....♣♣ ♣♣
#$g(...♣ ♣
#.'((.♣♣ ♣
#.'....♣ ♣
###....♣♣ ♣♣
#♣.†..♣ ♣♣.
#.....♣ ♣♣..
##.....♣♣♣♣♣...
##......♣.....


You could see a gnoll.

Vanquished Creatures
  3 howler monkeys
  A hound (D:4)
  A worker ant zombie (D:2)
  2 adders (D:2)
  2 oozes
  2 worms (D:3)
  A dart slug (D:3)
  A leopard gecko (D:2)
  5 orcs (D:3)
  A ball python (D:2)
  3 giant cockroaches
  9 hobgoblins
  2 jackals (D:3)
  4 bats
  A frilled lizard (D:2)
  4 goblins
  6 kobolds
  8 rats
56 creatures vanquished.

Notes
Turn   | Place    | Note
-------+----------+-------------------------------------------
     0 | D:1      | lastplaneout the Ghoul Air Elementalist began the quest for
                  | the Orb.
     0 | D:1      | Reached XP level 1. HP: 14/14 MP: 2/2
   343 | D:1      | Reached XP level 2. HP: 12/20 MP: 3/3
   845 | D:1      | You fall into a shaft and drop 1 floor!
   858 | D:2      | Reached XP level 3. HP: 9/26 MP: 0/4
  1169 | D:1      | Reached skill level 1 in Conjurations
  1517 | D:1      | Reached skill level 1 in Unarmed Combat
  1632 | D:2      | Learned a level 2 spell: Swiftness
  1951 | D:2      | Found a glowing golden altar of the Shining One.
  1969 | D:2      | You fall into a shaft and drop 1 floor!
  2075 | D:2      | Reached XP level 4. HP: 32/33 MP: 1/5
  2386 | D:2      | Learned a level 3 spell: Static Discharge
  2456 | D:2      | Found a shimmering blue altar of Sif Muna.
  2464 | D:2      | Became a worshipper of Sif Muna the Loreminder
  2818 | D:3      | Reached XP level 5. HP: 38/38 MP: 4/6
  2965 | D:3      | Noticed a moth of wrath
  2969 | D:3      | Found a bloodstained altar of Trog.
  3373 | D:3      | Reached * piety under Sif Muna
  3465 | D:3      | Noticed Sigmund
  4197 | D:4      | Found Hinwimme's General Store.
  4293 | D:4      | Reached XP level 6. HP: 14/45 MP: 0/7
  4295 | D:4      | Identified the ring "Udat" {+Blink rPois Str+2 Stlth+}
  4299 | D:4      | HP: 1/45 [gnoll/+0 whip (8)]
  4301 | D:4      | Slain by a gnoll

Illustrated notes

Levels and vault maps discovered:
D:1:      beargit_arrival_greenhouse, layout_basic, bh_walls_and_bars
D:2:      layout_basic, nicolae_overflow_crystal_walls,
          lemuel_coloured_pillars_altar
D:3:      layout_basic, tgw_trog, kennysheep_another_room, minmay_bisected,
          uniq_sigmund
D:4:      minmay_goblin_kobold_castle, layout_loops_ring, lemuel_crystal_altar,
          serial_shops, shop, kennysheep_donut

Skill      XL: |  1  2  3  4  5 |
---------------+----------------+-----
Air Magic      | 3 |  3.9
Conjurations   | 1 2 |  2.1
Unarmed Combat | 1 3 |  3.9
Dodging        | |  1.7
Stealth        | |  2.1
Spellcasting   | |  1.7

Action                   |  1- 3 |  4- 6 || total
-------------------------+-------+-------++-------
Melee: Unarmed           |    95 |    93 ||   188
       Punch             |       |     3 ||     3
 Cast: Shock             |    27 |    52 ||    79
       Static Discharge  |       |     1 ||     1
  Use: Scroll            |     2 |     9 ||    11
       Potion            |       |     1 ||     1
 Stab: Sleeping          |     2 |     1 ||     3
Armor: Robe              |    10 |    10 ||    20
Dodge: Dodged            |    61 |    83 ||   144
